Map: Dusk Towers

Players

LilDicky - Winner!

  • Race: Terran Terran
  • League: Platinum

Prime

  • Race: Protoss Protoss
  • League: Platinum

VOD

http://www.twitch.tv/tumescentpie

Description

Time

  • Played on: Nov. 20, 2015, 10:13 a.m.
  • Length: 14:38
Show
View Real Time Build Order
Export as new Build Order

LilDicky Terran - Winner!

Build Orders: Banshee Rush 

Get SALT Encoding   

  12  0:02  SCV  
  13  0:15  SCV  
  13  0:19  Supply Depot  
  14  0:30  SCV  
  15  0:42  SCV  
  16  0:43  Barracks  
  16  0:49  Refinery  
  16  0:54  SCV  
  17  1:06  SCV  
  18  1:18  SCV  
  19  1:31  Marine  
  20  1:34  Supply Depot, Orbital Command  
  20  1:50  Marine  
  21  1:57  Factory  
  21  2:02  Refinery  
  21  2:04  SCV  
  21  2:08  Marine  
  23  2:15  Command Center  
  23  2:17  SCV  
  24  2:25  Marine  
  25  2:31  SCV  
  26  2:40  Factory Tech Lab  
  26  2:41  Starport  
  26  2:44  Marine  
  26  2:49  SCV  
  28  2:57  Supply Depot  
  28  3:01  SCV  
  28  3:04  Marine  
  30  3:13  SCV  
  30  3:18  Widow Mine  
  33  3:23  Banshee, Cloaking Field  
  33  3:25  SCV  
  37  3:27  Orbital Command  
  37  3:30  Marine  
  38  3:47  SCV  
  39  3:49  Widow Mine  
  40  4:03  Marine  
  40  4:08  Banshee  
  41  4:30  SCV  
  41  4:42  Command Center  
  41  4:53  Banshee  
  41  4:56  SCV  
  41  4:57  SCV  
  41  4:58  Starport  
  41  4:59  Refinery  
  46  5:08  SCV  
  46  5:09  SCV  
  46  5:11  Refinery  
  46  5:12  Hellion  
  50  5:21  SCV x2  
  46  5:42  Starport Reactor  
  46  5:50  SCV  
  46  5:51  SCV  
  46  5:53  Banshee, Engineering Bay  
  46  5:54  Widow Mine  
  53  6:02  SCV  
  53  6:03  SCV  
  55  6:04  Supply Depot  
  55  6:16  Supply Depot, Liberator x2, SCV  
  55  6:17  SCV  
  57  6:27  Missile Turret  
  57  6:28  Command Center  
  57  6:29  Orbital Command  
  57  6:31  Command Center  
  57  6:35  SCV x2  
  65  6:46  Supply Depot  
  65  6:47  SCV, Fusion Core  
  66  6:53  Armory  
  66  6:54  SCV  
  67  6:55  Armory  
  67  6:56  SCV  
  67  6:58  Missile Turret  
  67  6:59  SCV  
  69  7:06  SCV  
  69  7:07  Refinery  
  70  7:08  SCV  
  70  7:11  SCV, Missile Turret  
  70  7:13  Supply Depot, Liberator  
  72  7:17  Missile Turret  
  72  7:18  SCV, Missile Turret  
  72  7:20  Banshee  
  76  7:22  Viking  
  76  7:27  Corvid Reactor  
  81  7:44  Orbital Command  
  81  7:45  Orbital Command  
  81  7:46  Starport  
  81  7:54  Supply Depot  
  81  7:55  Terran Vehicle And Ship Armor Level 1  
  81  7:56  Terran Ship Weapons Level 1  
  81  7:57  Viking  
  86  8:09  Raven  
  76  8:28  SCV x2  
  68  8:39  SCV x2  
  60  8:44  SCV x2  
  60  8:48  SCV  
  63  8:51  SCV  
  63  8:54  SCV  
  65  8:56  SCV  
  65  8:58  Banshee  
  69  9:07  Starport Tech Lab  
  69  9:09  Widow Mine  
  71  9:10  SCV  
  71  9:14  SCV x3, Refinery  
  71  9:15  SCV  
  70  9:40  Banshee  
  69  9:57  Hellion  
  69  9:58  Banshee  
  74  10:01  Orbital Command  
  63  10:18  Hellion  
  62  10:23  Banshee  
  63  10:44  SCV x3  
  63  10:45  Banshee  
  63  10:46  Viking x2  
  63  10:47  SCV x2  
  75  10:56  SCV x3  
  78  10:59  SCV x2  
  80  11:06  Banshee  
  80  11:08  SCV  
  68  11:15  Missile Turret  
  68  11:21  Viking x2  
  72  11:28  Banshee  
  72  11:30  Widow Mine  
  77  11:33  Terran Ship Weapons Level 2, Terran Vehicle And Ship Armor Level 2  
  77  11:34  Liberator x2  
  74  11:49  Banshee  
  77  12:00  SCV  
  77  12:01  SCV x3  
  76  12:09  Hellion  
  76  12:10  SCV  
  76  12:11  Banshee  
  76  12:13  SCV x3  
  85  12:25  Factory  
  85  12:26  Factory  
  85  12:29  Missile Turret  
  85  12:31  SCV x2  
  85  12:32  SCV x3, Missile Turret, Banshee  
  90  12:43  SCV  
  90  12:44  SCV x4  
  94  12:45  Factory Reactor  
  95  12:56  SCV x4, Hyperflight Rotors  
  95  12:57  Advanced Ballistics  
  99  12:58  SCV  
  100  13:07  Refinery  
  100  13:08  SCV  
  101  13:16  Factory Tech Lab, Factory Reactor  
  101  13:19  SCV  
  102  13:20  Banshee x2  
  102  13:22  Command Center  
  102  13:23  Command Center  
  108  13:30  Missile Turret  
  108  13:34  SCV x2  
  110  13:44  Missile Turret  
  110  13:46  Hellion  
  112  13:49  Hellion x2  
  112  13:51  Viking  
  112  13:52  Viking  
Show
View Real Time Build Order
Export as new Build Order

Prime Protoss 

Build Orders: 1 Gate Expand, Oracle Opening 

Get SALT Encoding   

  12  0:01  Probe (Chrono Boost)  
  13  0:12  Probe (Chrono Boost)  
  14  0:18  Pylon  
  14  0:22  Probe (Chrono Boost)  
  15  0:36  Probe (Chrono Boost)  
  15  0:37  Gateway  
  16  0:47  Probe (Chrono Boost)  
  16  0:48  Assimilator  
  17  0:57  Probe (Chrono Boost)  
  18  1:08  Probe (Chrono Boost)  
  19  1:28  Nexus  
  19  1:38  Cybernetics Core  
  19  1:43  Probe (Chrono Boost)  
  20  1:54  Assimilator  
  20  2:05  Pylon  
  20  2:06  Probe (Chrono Boost)  
  21  2:16  Probe (Chrono Boost)  
  21  2:18  Stargate  
  22  2:23  Adept (Chrono Boost)  
  22  2:27  Warp Gate  
  24  2:33  Probe  
  25  2:45  Probe x2  
  25  2:47  Adept (Chrono Boost)  
  29  2:55  Probe  
  29  2:57  Probe  
  31  3:03  Oracle (Chrono Boost)  
  34  3:06  Probe  
  34  3:09  Probe  
  36  3:21  Probe  
  36  3:22  Probe  
  38  3:31  Probe  
  39  3:34  Probe  
  39  3:36  Nexus  
  39  3:38  Pylon  
  40  3:42  Probe  
  40  3:46  Probe  
  42  3:58  Probe  
  42  4:00  Probe  
  44  4:06  Robotics Facility  
  44  4:12  Mothership Core  
  46  4:20  Probe  
  42  4:31  Gateway x2, Probe  
  40  4:33  Gateway, Probe  
  40  4:34  Twilight Council  
  40  4:38  Pylon  
  42  4:42  Probe  
  43  4:50  Robotics Facility  
  42  4:57  Observer (Chrono Boost)  
  42  5:03  Phoenix (Chrono Boost)  
  40  5:08  Probe x2  
  40  5:09  Probe  
  40  5:11  Stalker  
  45  5:24  Probe  
  45  5:26  Probe  
  47  5:31  Probe  
  47  5:35  Probe  
  43  5:42  Probe  
  43  5:44  Probe  
  43  5:47  Resonating Glaives (Chrono Boost)  
  45  5:51  Probe  
  45  5:53  Probe  
  45  5:56  Probe  
  48  6:01  Probe  
  48  6:04  Probe  
  49  6:09  Assimilator  
  49  6:10  Zealot x3, Assimilator  
  49  6:11  Zealot  
  58  6:12  Probe x2  
  58  6:14  Probe  
  61  6:22  Probe  
  61  6:24  Probe  
  63  6:26  Pylon  
  63  6:28  Probe  
  63  6:29  Observer (Chrono Boost)  
  63  6:31  Pylon  
  65  6:33  Probe  
  65  6:37  Probe  
  67  6:40  Probe  
  67  6:41  Adept  
  67  6:42  Adept x3  
  67  6:43  Probe  
  77  6:47  Warp Prism  
  77  6:49  Probe  
  77  6:51  Pylon x2  
  80  7:03  Gateway  
  80  7:06  Gateway  
  80  7:07  Probe  
  80  7:08  Gateway  
  80  7:09  Probe x2  
  80  7:11  Oracle (Chrono Boost)  
  86  7:17  Immortal  
  86  7:20  Charge  
  86  7:21  Probe  
  91  7:33  Probe, Forge x2  
  91  7:35  Probe x2  
  94  7:37  Assimilator  
  94  7:39  Assimilator  
  94  7:44  Stalker x2  
  94  7:45  Stalker  
  94  7:46  Probe, Zealot  
  94  7:47  Probe x2  
  105  7:59  Probe  
  106  8:21  Probe  
  106  8:22  Probe  
  106  8:29  Probe  
  106  8:31  Probe  
  106  8:37  Probe  
  106  8:38  Stalker x2  
  106  8:39  Stalker  
  107  8:42  Probe x2  
  107  8:44  Zealot  
  108  8:49  Probe  
  108  8:51  Protoss Ground Weapons Level 1 (Chrono Boost)  
  108  8:53  Protoss Ground Armor Level 1 (Chrono Boost)  
  108  8:54  Pylon  
  108  8:55  Pylon x2  
  109  8:56  Probe, Pylon  
  109  8:57  Pylon  
  109  8:58  Pylon  
  109  8:59  Blink (Chrono Boost)  
  109  9:12  Immortal (Chrono Boost)  
  109  9:14  Adept x2  
  109  9:15  Adept x5  
  131  9:17  Immortal (Chrono Boost)  
  131  9:20  Nexus  
  117  9:41  Stalker x6  
  117  9:42  Stalker  
  109  10:07  Stalker x3  
  109  10:08  Stalker x3  
  118  10:19  Stalker  
  116  10:33  Stalker x2  
  116  10:34  Stalker x2  
  116  10:35  Stalker  
  126  10:43  Pylon x2  
  126  10:48  Stalker  
  126  10:58  Stalker x5  
  129  11:11  Probe  
  127  11:21  Observer x2  
  129  11:30  Pylon  
  129  11:31  Pylon  
  125  11:45  Stalker x2  
  125  11:46  Stalker x2  
  98  12:18  Stalker x2  
  98  12:19  Stalker x5  
  112  12:29  Probe x3  
  115  12:30  Probe  
  116  12:40  Probe  
  116  12:41  Probe  
  116  12:43  Adept  
  116  12:44  Adept x6  
  124  12:46  Warp Prism x2  
  124  12:51  Probe  
  137  13:01  Probe  
  137  13:03  Assimilator  
  138  13:09  Assimilator  
  138  13:20  Zealot x4  
  138  13:21  Stalker x3  
  138  13:22  Gateway  
  138  13:24  Gateway x2  
  152  13:43  Stalker x4  
  152  13:44  Stalker x3  
  138  14:23  Cybernetics Core  
Tags
 
Add a new tag
Caveats
  • Supply blocks, unpowered buildings, or Contaminate may cause inaccurate times.
  • Supply counts are checked every 10 seconds.